[Event "Titled Tuesday Blitz February 14 Late 2023"]
[White "Minina, Veronika"]
[Black "Sarkar, Justin"]
[WhiteFideId "4174780"]
[BlackFideId "2010011"]
[WhiteElo "2057"]
[BlackElo "2309"]
[Result "1-0"]
[Round "04"]
[TimeControl "180+2"]
[Date "2023.02.14"]
[WhiteClock "0:00:25"]
[BlackClock "0:00:01"]

1. Nf3 Nf6 2. g3 b6 3. Bg2 Bb7 4. O-O e6 5. c4 d5 6. d4 Nbd7 7. Nbd2 Be7 8. Qc2 O-O 9. Re1 c5 10. cxd5 Nxd5 11. dxc5 Nxc5 12. a3 a5 13. Ne4 Nb4 14. axb4 Bxe4 15. Qc4 axb4 16. Rxa8 Qxa8 17. Qxb4 Qa5 18. Qxa5 bxa5 19. Be3 Nb3 20. Ne5 Bxg2 21. Kxg2 Rc8 22. Rd1 Bf6 23. Nd3 Rc2 24. Kf1 h5 25. h4 Bxb2 26. Nxb2 Rxb2 27. Rd8+ Kh7 28. Rd7 a4 29. Ra7 Ra2 30. Bf4 a3 31. Bd6 Ra1+ 32. Kg2 a2 33. Be5 1-0


[Site "https://www.chess.com"]

[Event "Titled Tuesday Blitz February 14 Late 2023"]
[White "Aguilar, Juan"]
[Black "Davalos Prieto, Abel Justo"]
[WhiteFideId "3800091"]
[BlackFideId "5102766"]
[WhiteElo "2254"]
[BlackElo "2029"]
[Result "1/2-1/2"]
[Round "04"]
[TimeControl "180+2"]
[Date "2023.02.14"]
[WhiteClock "0:00:23"]
[BlackClock "0:00:08"]

1. Nf3 c5 2. g3 g6 3. Bg2 Bg7 4. O-O Nc6 5. c4 d6 6. Nc3 Bd7 7. a3 h5 8. h4 Nh6 9. Rb1 Nf5 10. b4 b6 11. b5 Na5 12. Qa4 a6 13. Bb2 axb5 14. Nxb5 O-O 15. Qc2 Bxb5 16. cxb5 Ra7 17. Bxg7 Kxg7 18. Qc3+ e5 19. e3 Qf6 20. Rfd1 Nb7 21. d4 exd4 22. exd4 Rfa8 23. Ra1 Nd8 24. Ng5 cxd4 25. Qd3 Rc8 26. Ne4 Qe5 27. Bh3 Ne6 28. Bxf5 gxf5 29. Ng5 Ra4 30. Re1 Qd5 31. Nxe6+ fxe6 32. Qe2 f4 33. Qxe6 Qxe6 34. Rxe6 fxg3 35. fxg3 Rd8 36. Rd1 Rxa3 37. Rxd4 Rxg3+ 38. Kf2 Rg6 39. Rde4 Rxe6 40. Rxe6 Rf8+ 41. Kg3 Rf6 42. Re7+ Kg6 43. Rb7 d5 44. Rd7 Re6 45. Rxd5 Rf6 46. Rg5+ Kh6 47. Rd5 Rg6+ 48. Kf3 Rg4 49. Rd6+ Kg7 50. Rxb6 Rxh4 51. Rb7+ Kg6 52. Rb8 Rb4 53. b6 h4 54. b7 Kg7 55. Kg2 Kh7 56. Kh3 Kg7 57. Rc8 Rxb7 58. Kxh4 Rb4+ 59. Kg3 Rb3+ 60. Kf4 Rb4+ 61. Ke3 Rb3+ 62. Kd4 Rb4+ 63. Rc4 Rxc4+ 64. Kxc4 1/2-1/2


[Site "https://www.chess.com"]

[Event "Titled Tuesday Blitz February 14 Late 2023"]
[White "Prieto Aranguren, Alain"]
[Black "Marcolino, Daniel Mattos"]
[WhiteFideId "2268906"]
[BlackFideId "2106841"]
[WhiteElo "2258"]
[BlackElo "2006"]
[Result "1-0"]
[Round "04"]
[TimeControl "180+2"]
[Date "2023.02.14"]
[WhiteClock "0:00:02"]
[BlackClock "0:00:03"]

1. e4 c6 2. e5 d5 3. Bd3 c5 4. c4 d4 5. Nh3 Bxh3 6. gxh3 e6 7. Be4 Nc6 8. Bxc6+ bxc6 9. d3 Ne7 10. O-O Ng6 11. f4 Ne7 12. Nd2 Nf5 13. Ne4 Be7 14. Bd2 O-O 15. Qb1 f6 16. a4 fxe5 17. fxe5 Qc7 18. Qe1 Rab8 19. a5 Ne3 20. Rxf8+ Bxf8 21. Bxe3 dxe3 22. Qxe3 Qxe5 23. Qg3 Qxg3+ 24. hxg3 Rxb2 25. Rd1 Ra2 26. Rb1 Rxa5 27. Rb8 Kf7 28. Rb7+ Kg6 29. Kf2 Ra2+ 30. Ke3 Ra1 31. Rc7 a5 32. Rxc6 Kf7 33. Ng5+ Kf6 34. Nxh7+ Ke7 35. Nxf8 Kxf8 36. Rxe6 a4 37. Ra6 a3 38. Ke4 a2 39. Kd5 Rd1 40. Rxa2 Rxd3+ 41. Kxc5 Rxg3 42. h4 Rg4 43. h5 Rh4 44. Kd6 Rxh5 45. c5 Rh6+ 46. Kd7 Rh1 47. Rf2+ Kg8 48. Rc2 Rd1+ 49. Ke8 Re1+ 50. Kd8 Rd1+ 51. Kc8 Rd5 52. c6 g5 53. c7 Re5 54. Kd7 Rd5+ 55. Ke6 1-0


[Site "https://www.chess.com"]

[Event "Titled Tuesday Blitz February 14 Late 2023"]
[White "Marin Masis, Jose Esteban"]
[Black "Skaric, Djuro"]
[WhiteFideId "6508146"]
[BlackFideId "934569"]
[WhiteElo "1938"]
[BlackElo "2334"]
[Result "1-0"]
[Round "04"]
[TimeControl "180+2"]
[Date "2023.02.14"]
[WhiteClock "0:01:12"]
[BlackClock "0:02:42"]

1. e4 d6 2. d4 g6 3. Nf3 Bg7 4. Nc3 Nf6 5. Bc4 O-O 6. Bg5 Nc6 7. Qd2 h5 8. Bh6 Kh7 9. Ng5+ Kg8 10. Bxg7 Kxg7 11. O-O-O a6 12. h3 Rh8 13. Nxf7 Qe8 14. e5 Nh7 15. Qh6+ Kg8 16. Nxd6+ e6 17. Nxe8 1-0


[Site "https://www.chess.com"]

[Event "Titled Tuesday Blitz February 14 Late 2023"]
[White "Bogaudinov, Rushan"]
[Black "Djordjevic, Dejan N"]
[WhiteFideId "4129288"]
[BlackFideId "913316"]
[WhiteElo "1939"]
[BlackElo "2167"]
[Result "0-1"]
[Round "04"]
[TimeControl "180+2"]
[Date "2023.02.14"]
[WhiteClock "0:00:10"]
[BlackClock "0:00:05"]

1. a3 Nf6 2. d4 e6 3. c4 b6 4. Nc3 Bb7 5. f3 d6 6. e4 Be7 7. b4 a5 8. Bb2 Nbd7 9. Bd3 O-O 10. Nge2 c5 11. O-O axb4 12. axb4 cxb4 13. Nb5 e5 14. Ng3 g6 15. f4 exd4 16. Rxa8 Bxa8 17. Bxd4 Nc5 18. Qe2 Re8 19. f5 Nfd7 20. fxg6 hxg6 21. Qf3 Rf8 22. Bb1 Ne5 23. Qf4 Bg5 24. Qf2 Nxc4 25. Nf5 Nxe4 26. Qe2 Ned2 27. h4 Nxf1 28. hxg5 Qxg5 29. Ne7+ Kh7 30. Kxf1 Nd2+ 31. Kg1 Nxb1 32. Nxd6 Qxg2+ 33. Qxg2 Bxg2 34. Kxg2 Nc3 35. Nc4 Re8 36. Bf6 b5 37. Nd6 Rf8 38. Kf3 Kh6 39. Ke3 Kh5 40. Kd3 Rd8 41. Nc8 Rd7 42. Kc2 g5 43. Be5 Kg6 44. Nb6 Rd8 45. Kb3 f6 46. Bh2 f5 47. Kxb4 Ne4 48. Nxe4 Rd4+ 49. Kxb5 Rxe4 50. Nd5 f4 51. Kc5 Kf5 52. Bg1 g4 53. Nc3 Re1 54. Kc4 Rxg1 55. Nd5 Rc1+ 56. Kd4 Rd1+ 57. Kc4 Rxd5 58. Kxd5 g3 59. Kd4 g2 60. Kd3 g1=Q 61. Ke2 Qe3+ 62. Kf1 Kg4 63. Kg2 Qe2+ 64. Kh1 Kg3 65. Kg1 Qe1# 0-1


[Site "https://www.chess.com"]

[Event "Titled Tuesday Blitz February 14 Late 2023"]
[White "FuenfgegenWilly"]
[Black "Jesusesmifuerza"]
[WhiteElo "2322"]
[BlackElo "2001"]
[Result "1-0"]
[Round "04"]
[TimeControl "180+2"]
[Date "2023.02.14"]
[WhiteClock "0:00:35"]
[BlackClock "0:00:20"]

1. e4 c5 2. Nc3 e6 3. f4 d5 4. Bb5+ Bd7 5. Bxd7+ Qxd7 6. d3 Nf6 7. Nf3 dxe4 8. dxe4 Qxd1+ 9. Kxd1 Nc6 10. Be3 O-O-O+ 11. Ke2 Be7 12. Rhd1 Rxd1 13. Rxd1 Rd8 14. Rxd8+ Kxd8 15. a3 b6 16. h3 h5 17. Ng5 Ke8 18. b3 Nd7 19. Nf3 f5 20. e5 Bd8 21. Kd3 a6 22. Nd2 b5 23. Na2 Ba5 24. c4 Bxd2 25. Kxd2 Kd8 26. Kc3 Kc7 27. cxb5 axb5 28. a4 bxa4 29. bxa4 Kb6 30. Nc1 Ka5 31. Kb3 Nd4+ 32. Bxd4 cxd4 33. Nd3 Nb6 34. Nc5 d3 35. Nxe6 Nd5 36. Nxg7 Nxf4 37. e6 Nd5 38. Nxf5 d2 39. Kc2 Kxa4 40. Kxd2 Kb5 41. e7 Nxe7 42. Nxe7 Kc5 43. Ke3 Kd6 44. Kf4 Kxe7 45. Kg5 Ke6 46. Kxh5 Kf5 47. g4+ 1-0


[Site "https://www.chess.com"]

[Event "Titled Tuesday Blitz February 14 Late 2023"]
[White "Balog, Imre"]
[Black "Ardila, Oscar Humberto"]
[WhiteFideId "728446"]
[BlackFideId "4404742"]
[WhiteElo "2615"]
[BlackElo "1982"]
[Result "0-1"]
[Round "04"]
[TimeControl "180+2"]
[Date "2023.02.14"]
[WhiteClock "0:00:07"]
[BlackClock "0:00:07"]

1. e4 e5 2. f4 d5 3. exd5 exf4 4. Bb5+ Bd7 5. Bxd7+ Nxd7 6. Nf3 Ngf6 7. O-O Be7 8. c4 O-O 9. d4 c6 10. dxc6 bxc6 11. Bxf4 Re8 12. Nc3 Qb6 13. b3 Bb4 14. Na4 Qa5 15. Ne5 Nxe5 16. Bxe5 Rxe5 17. dxe5 Qxe5 18. Qf3 Bd6 19. g3 Rd8 20. Rae1 Bc5+ 21. Kh1 Qg5 22. Qf5 Qxf5 23. Rxf5 Bb4 24. Ref1 Rd2 25. Re5 h6 26. Ree1 Rxa2 27. Rd1 Ng4 28. h3 Nf2+ 29. Kg2 Nxd1+ 30. Kf3 Nb2 31. Rf2 Ba3 32. Nc3 Ra1 33. Na4 Nxa4 34. bxa4 Bc5 35. Rd2 Rxa4 36. Ke4 Kh7 37. Ke5 Ra3 38. Rd7 Re3+ 39. Kf4 Re7 40. Rd8 Kg6 41. Rc8 Be3+ 42. Kf3 Bc5 43. Rxc6+ Re6 44. Rxc5 f6 45. Ra5 Rc6 46. Rxa7 Rxc4 47. Ra5 Rc3+ 48. Kg2 f5 49. Kf2 Kg5 50. Kg2 g6 51. Ra4 h5 52. Kf2 Rd3 53. Kg2 Rc3 54. Kf2 Kf6 55. Kg2 Re3 56. Kf2 Re4 57. Kg2 Rxa4 58. Kf3 Ke5 59. h4 Ra3+ 60. Ke2 Ke4 61. Kf2 Ra2+ 62. Ke1 Kf3 63. Kd1 Kxg3 0-1


[Site "https://www.chess.com"]

[Event "Titled Tuesday Blitz February 14 Late 2023"]
[White "Paravyan, David"]
[Black "Livaic, Leon"]
[WhiteFideId "4194985"]
[BlackFideId "14531534"]
[WhiteElo "2601"]
[BlackElo "2579"]
[Result "0-1"]
[Round "05"]
[TimeControl "180+2"]
[Date "2023.02.14"]
[WhiteClock "0:00:06"]
[BlackClock "0:00:09"]

1. e4 e6 2. d4 d5 3. exd5 exd5 4. Nf3 Nf6 5. Bd3 Bd6 6. Qe2+ Be6 7. Ng5 Qe7 8. Nxe6 Qxe6 9. O-O Qxe2 10. Bxe2 O-O 11. Bf3 c6 12. Re1 Nbd7 13. g3 Rfe8 14. Rxe8+ Rxe8 15. Kf1 Ne4 16. c3 f5 17. a4 a5 18. Na3 Ndf6 19. Nc2 Ng4 20. Bxg4 fxg4 21. Be3 Kf7 22. Ne1 h5 23. Nd3 g5 24. Kg2 Kg6 25. Re1 Rb8 26. h3 Re8 27. hxg4 hxg4 28. Bc1 Rf8 29. Re2 Rf3 30. Ne1 Rf8 31. Nc2 Kh5 32. c4 Nf6 33. Re6 Ne4 34. Be3 Rf6 35. Re8 Rf8 36. Re6 Rf6 37. cxd5 cxd5 38. Re8 Rf8 39. Rxf8 Bxf8 40. Ne1 Kg6 41. Nd3 Kf5 42. Kf1 Nd6 43. Ke2 b6 44. b3 Ke4 45. Ne5 Nf5 46. Nxg4 Nxd4+ 47. Kd1 Nxb3 48. Bxb6 Kf3 49. Nf6 d4 50. Kc2 Nc5 51. Nh7 Be7 52. Bxc5 Bxc5 53. Nxg5+ Ke2 54. Ne4 d3+ 55. Kb3 Bxf2 56. g4 Be3 57. g5 Kf3 58. g6 Bd4 59. g7 Bxg7 60. Nd2+ Ke2 61. Nc4 d2 62. Nxd2 Kxd2 63. Kc4 Bc3 64. Kb3 Bb4 65. Kb2 Kd3 66. Kb3 Kd4 67. Kb2 Kc4 68. Ka2 Bc5 69. Kb2 Kb4 0-1


[Site "https://www.chess.com"]

[Event "Titled Tuesday Blitz February 14 Late 2023"]
[White "Salem, A.R. Saleh"]
[Black "Indjic, Aleksandar"]
[WhiteFideId "9301348"]
[BlackFideId "911925"]
[WhiteElo "2677"]
[BlackElo "2618"]
[Result "0-1"]
[Round "05"]
[TimeControl "180+2"]
[Date "2023.02.14"]
[WhiteClock "0:00:02"]
[BlackClock "0:00:08"]

1. d4 Nf6 2. c4 c5 3. d5 g6 4. Nc3 Bg7 5. e4 d6 6. Nf3 O-O 7. h3 e6 8. Bd3 exd5 9. exd5 Re8+ 10. Be3 Rxe3+ 11. fxe3 Qe7 12. O-O Nbd7 13. Qe1 Ne8 14. Rd1 Ne5 15. Nxe5 Bxe5 16. Rd2 Bd7 17. Rdf2 f5 18. e4 Bd4 19. exf5 Qxe1 20. Rxe1 gxf5 21. Ne2 Bxf2+ 22. Kxf2 Ng7 23. Nf4 Kf7 24. Re3 Re8 25. Rg3 Kf6 26. Bc2 b5 27. Ra3 Ra8 28. Ra6 Ke7 29. b3 b4 30. a3 bxa3 31. Ke3 Bc8 32. Ra5 a6 33. Rxa3 Kf6 34. Ra5 Rb8 35. g3 Rb6 36. Bd1 Bd7 37. h4 Be8 38. Ra3 Bf7 39. Kd2 Ne8 40. Kc3 Nc7 41. Ra2 Rb8 42. Re2 a5 43. Re3 Rg8 44. Bh5 Bxh5 45. Nxh5+ Kf7 46. Kb2 a4 47. bxa4 Ra8 48. Rb3 Ra7 49. Nf4 Kf6 50. Ka3 Ke5 51. Rb6 Kd4 52. Rxd6 Kxc4 53. Rd8 Ra6 54. d6 Nb5+ 55. Kb2 Nxd6 56. Rd7 Ne4 57. Rxh7 Nxg3 58. Rg7 Ne4 59. h5 Kd4 60. Rg6 Rxa4 61. h6 Rb4+ 62. Kc2 Rb8 63. h7 Rh8 64. Ne6+ Ke5 65. Nf8 Nf6 66. Rg7 Rxf8 67. Re7+ Kf4 68. Rf7 Rh8 69. Rxf6 Rxh7 70. Kc3 Rd7 71. Rc6 Kg3 72. Rxc5 f4 73. Rg5+ Kf2 74. Rf5 f3 75. Rf8 Ke2 76. Re8+ Kf1 77. Rf8 f2 78. Rf6 Rg7 79. Kd2 Kg1 0-1


[Site "https://www.chess.com"]

[Event "Titled Tuesday Blitz February 14 Late 2023"]
[White "Perez Ponsa, Federico"]
[Black "Deac, Bogdan-Daniel"]
[WhiteFideId "117927"]
[BlackFideId "1226380"]
[WhiteElo "2532"]
[BlackElo "2700"]
[Result "1-0"]
[Round "05"]
[TimeControl "180+2"]
[Date "2023.02.14"]
[WhiteClock "0:00:05"]
[BlackClock "0:00:01"]

1. e4 c6 2. d4 d5 3. e5 Bf5 4. h4 h5 5. Bd3 Bxd3 6. Qxd3 e6 7. Nf3 Nh6 8. Bg5 Be7 9. Bxh6 Rxh6 10. c4 Rg6 11. cxd5 cxd5 12. g3 Qa5+ 13. Nbd2 Qa6 14. Qxa6 bxa6 15. O-O-O Nc6 16. Kb1 Rb8 17. Nb3 Rg4 18. Rd2 a5 19. Rc1 Rb6 20. Rdc2 Kd7 21. Nc5+ Bxc5 22. Rxc5 f6 23. a3 Re4 24. R1c2 a4 25. Ka2 Rg4 26. R2c3 Re4 27. Rc2 Rg4 28. R2c3 Rg6 29. Rc2 Rh6 30. Ne1 fxe5 31. dxe5 Nxe5 32. Rc7+ Kd6 33. Rxa7 Rf6 34. Rxa4 Nc6 35. Nd3 e5 36. Rd2 Rf8 37. Nc1 Rfb8 38. Ne2 Ke6 39. f4 e4 40. Rc2 Kd6 41. Rd2 Ke6 42. Rc2 Rd8 43. Rd2 Kd6 44. Rxe4 Rdb8 45. Re3 Na5 46. Rc3 1-0


[Site "https://www.chess.com"]

[Event "Titled Tuesday Blitz February 14 Late 2023"]
[White "Bortnyk, Olexandr"]
[Black "Samsonkin, Artiom"]
[WhiteFideId "14120828"]
[BlackFideId "13503111"]
[WhiteElo "2605"]
[BlackElo "2420"]
[Result "1-0"]
[Round "05"]
[TimeControl "180+2"]
[Date "2023.02.14"]
[WhiteClock "0:00:07"]
[BlackClock "0:00:08"]

1. d4 Nf6 2. Nc3 e6 3. e4 d5 4. Bg5 dxe4 5. Nxe4 Bd7 6. Nf3 Bc6 7. Bd3 Nbd7 8. O-O h6 9. Bh4 Bxe4 10. Bxe4 g5 11. Bxb7 Rb8 12. Bc6 gxh4 13. Ne5 Bd6 14. Qf3 O-O 15. Rfe1 Qe7 16. Bxd7 Nxd7 17. Nc6 Qg5 18. Nxb8 Rxb8 19. b3 Nf6 20. h3 Kg7 21. c4 c5 22. Rad1 cxd4 23. Rxd4 Bc5 24. Rd3 e5 25. Qe2 e4 26. Rdd1 Re8 27. Rf1 e3 28. f4 Qg6 29. Rfe1 Nh5 30. Rd5 Nxf4 31. Qb2+ Kg8 32. Rxc5 Nd3 33. Rxe3 Nxb2 34. Rxe8+ Kg7 35. Rcc8 Qb1+ 36. Kh2 Nd3 37. Rg8+ Kf6 38. Rg4 Qe1 39. Rc6+ Ke7 40. Rc7+ Kf8 41. Rc8+ Ke7 42. Rc7+ Ke6 43. Rc6+ Kd7 44. Rxh6 Qe5+ 45. Kg1 Qe1+ 46. Kh2 Nf2 47. Rd4+ Kc7 48. Rhxh4 f5 49. Rh7+ Kc6 50. Rd5 Qh1+ 51. Kg3 Ne4+ 52. Kf4 Qf1+ 53. Ke5 Qa1+ 54. Kxf5 Qf6+ 55. Kxe4 Qg6+ 56. Kf3 Qxh7 57. Rd2 Qf5+ 58. Ke3 Qg5+ 59. Kd3 Qf5+ 60. Kc3 Qe5+ 61. Kd3 Qg3+ 62. Kc2 Kc5 63. a3 a5 64. Rd5+ Kb6 65. a4 Qxg2+ 66. Kc3 Qxh3+ 67. Kb2 Qg2+ 68. Kc3 Qe4 69. Rb5+ Ka6 70. Kd2 Qd4+ 71. Ke2 Qa1 72. Kd2 Qa2+ 73. Kd3 Qa3 74. Kd4 Qa2 75. Kd5 Qb1 76. Kc6 Qa1 77. Kd6 Qa2 78. Kc6 Ka7 79. Rxa5+ Kb8 80. Rb5+ Ka7 81. Kc7 Ka6 82. Rb6+ Ka7 83. Rb7+ Ka6 84. Rb5 Qh2+ 85. Kc6 Qf4 86. Kd5 Qf5+ 87. Kd4 Qf4+ 88. Kd3 Qf3+ 89. Kc2 Qf4 90. Kb1 Qe5 91. Rxe5 1-0


[Site "https://www.chess.com"]

[Event "Titled Tuesday Blitz February 14 Late 2023"]
[White "Sjugirov, Sanan"]
[Black "Li, Ruifeng"]
[WhiteFideId "4189302"]
[BlackFideId "2061074"]
[WhiteElo "2712"]
[BlackElo "2541"]
[Result "1-0"]
[Round "05"]
[TimeControl "180+2"]
[Date "2023.02.14"]
[WhiteClock "0:00:05"]
[BlackClock "0:00:08"]

1. d4 e6 2. c4 b6 3. Nf3 Bb7 4. g3 Nf6 5. Bg2 g6 6. Nc3 Bg7 7. Qc2 O-O 8. O-O d5 9. cxd5 Nxd5 10. Bg5 Ne7 11. e4 h6 12. Be3 Nbc6 13. Rfd1 a6 14. h4 Qc8 15. Rac1 Rd8 16. a3 b5 17. Ne2 Rd7 18. Nf4 Qd8 19. Nd3 Nxd4 20. Nxd4 Bxd4 21. Bxh6 Rd6 22. b4 Ra7 23. Nc5 Ba8 24. Nb3 Bh8 25. Bf4 e5 26. Be3 Rb7 27. Bc5 Rxd1+ 28. Rxd1 Qe8 29. Bxe7 Qxe7 30. Nc5 Rb8 31. Nxa6 Rd8 32. Rxd8+ Qxd8 33. Qxc7 Qd1+ 34. Kh2 Bf6 35. Qb8+ Qd8 36. Qxb5 Kg7 37. Qc5 Qd2 38. Qc8 Qxf2 39. Qxa8 Bxh4 40. gxh4 Qxh4+ 41. Kg1 Qe1+ 42. Bf1 Qg3+ 43. Kh1 Qf3+ 44. Bg2 Qd1+ 45. Kh2 Qh5+ 46. Kg1 Qd1+ 47. Kf2 Qd2+ 48. Kf1 Qd1+ 49. Kf2 Qd2+ 50. Kg3 Qf4+ 51. Kh3 Qe3+ 52. Kh2 Qf4+ 53. Kh1 Qc1+ 54. Kh2 Qf4+ 55. Kg1 Qe3+ 56. Kf1 Qc1+ 57. Ke2 Qc2+ 58. Ke1 Qc1+ 59. Ke2 Qc2+ 60. Kf3 Qd3+ 61. Kg4 Qd1+ 62. Kg3 Qd3+ 63. Bf3 Qe3 64. Qd8 Qg1+ 65. Bg2 Qe3+ 66. Kh2 Qf4+ 67. Kh1 Qc1+ 68. Kh2 Qf4+ 69. Kg1 Qc1+ 70. Kf2 Qxa3 71. Qd6 Qb2+ 72. Kf1 Qc1+ 73. Ke2 Qb2+ 74. Qd2 Qb3 75. Nc5 Qc4+ 76. Nd3 Qd4 77. Bf3 g5 78. Qb2 Qc4 79. Qxe5+ Kg6 80. Qf5+ Kh6 81. Qf6+ Kh7 82. Qxg5 Qc2+ 83. Qd2 Qc4 84. Qe3 Kg7 85. Kf2 Qc2+ 86. Be2 Qb3 87. Qd4+ Kf8 88. Nf4 Qb1 89. Qh8+ Ke7 90. Nd5+ Kd6 91. Qf6+ Kd7 92. Qe7+ Kc6 93. Qc7# 1-0


[Site "https://www.chess.com"]

[Event "Titled Tuesday Blitz February 14 Late 2023"]
[White "Naroditsky, Daniel"]
[Black "Madaminov, Mukhiddin"]
[WhiteFideId "2026961"]
[BlackFideId "14210703"]
[WhiteElo "2618"]
[BlackElo "2422"]
[Result "0-1"]
[Round "05"]
[TimeControl "180+2"]
[Date "2023.02.14"]
[WhiteClock "0:00:02"]
[BlackClock "0:00:10"]

1. e4 e5 2. Nf3 Nf6 3. Nc3 Nc6 4. g3 d5 5. exd5 Nxd5 6. Bg2 Nxc3 7. bxc3 Bc5 8. O-O O-O 9. Re1 Re8 10. d3 Rb8 11. Be3 Bf8 12. d4 exd4 13. cxd4 Be6 14. c3 Bd5 15. Qc2 h6 16. Bf4 Qd7 17. Nd2 Bxg2 18. Kxg2 b5 19. Nf3 Qd5 20. Qb3 Ne7 21. Bxc7 Rbc8 22. Rxe7 Qxb3 23. Rxe8 Qxc3 24. Rxc8 Qxa1 25. Bd6 Qxa2 26. Bxf8 Kh7 27. Bc5 a5 28. Rb8 b4 29. Bxb4 axb4 30. Rxb4 Qd5 31. h3 g5 32. g4 Qe4 33. Rb5 f6 34. Rf5 Kg6 35. Kg3 h5 36. d5 Qd3 37. Kg2 Qe4 38. Kg3 Kg7 39. Nh2 h4# 0-1


[Site "https://www.chess.com"]

[Event "Titled Tuesday Blitz February 14 Late 2023"]
[White "Remizov, Yaroslav"]
[Black "Yu, Yangyi"]
[WhiteFideId "34134015"]
[BlackFideId "8603820"]
[WhiteElo "2421"]
[BlackElo "2729"]
[Result "0-1"]
[Round "05"]
[TimeControl "180+2"]
[Date "2023.02.14"]
[WhiteClock "0:00:02"]
[BlackClock "0:00:31"]

1. e4 e5 2. Nf3 Nc6 3. Nc3 Nf6 4. Be2 d6 5. d4 Be7 6. d5 Nb8 7. a4 O-O 8. a5 a6 9. O-O Ne8 10. Nd2 f5 11. f3 g6 12. Nc4 Nd7 13. b4 Bg5 14. Bxg5 Qxg5 15. Qd2 h6 16. f4 exf4 17. Rxf4 Ne5 18. Raf1 Ng7 19. h4 Qe7 20. Ne3 g5 21. hxg5 hxg5 22. Nxf5 Bxf5 23. Rxf5 Nxf5 24. exf5 g4 25. Ne4 Qh4 26. Qf4 Rf7 27. f6 Raf8 28. g3 Qh5 29. c4 Rh7 30. Kf2 Qg6 31. Ke3 Rh2 32. c5 Re8 33. cxd6 cxd6 34. Bd3 Nxd3 35. Kxd3 Rxe4 36. f7+ Kf8 37. Qf5 Qxf5 38. Rxf5 0-1


[Site "https://www.chess.com"]

[Event "Titled Tuesday Blitz February 14 Late 2023"]
[White "Kamsky, Gata"]
[Black "Andreikin, Dmitry"]
[WhiteFideId "2000024"]
[BlackFideId "4158814"]
[WhiteElo "2665"]
[BlackElo "2729"]
[Result "1/2-1/2"]
[Round "05"]
[TimeControl "180+2"]
[Date "2023.02.14"]
[WhiteClock "0:00:46"]
[BlackClock "0:00:41"]

1. e4 c5 2. Nf3 e6 3. d4 cxd4 4. Nxd4 Nc6 5. Nb5 Nf6 6. N1c3 d6 7. Bf4 e5 8. Bg5 a6 9. Na3 b5 10. Nd5 Be7 11. Bxf6 Bxf6 12. c4 b4 13. Nc2 Rb8 14. b3 O-O 15. Be2 Be6 16. O-O Bg5 17. Bg4 Kh8 18. Nde3 a5 19. g3 Qc7 20. Qd3 Bxe3 21. Nxe3 Nd4 22. f4 Qc5 23. Bxe6 fxe6 24. Kh1 a4 25. f5 Qc6 26. Kg1 Qc5 27. Kg2 Qc6 28. Kg1 Qc5 29. Kg2 Qc6 30. Kg1 1/2-1/2


[Site "https://www.chess.com"]

[Event "Titled Tuesday Blitz February 14 Late 2023"]
[White "Fier, Alexandr"]
[Black "Mamedov, Rauf"]
[WhiteFideId "2107139"]
[BlackFideId "13401653"]
[WhiteElo "2589"]
[BlackElo "2646"]
[Result "0-1"]
[Round "05"]
[TimeControl "180+2"]
[Date "2023.02.14"]
[WhiteClock "0:01:16"]
[BlackClock "0:00:20"]

1. d4 Nf6 2. c4 d6 3. Nc3 Nbd7 4. g3 e5 5. Nf3 exd4 6. Nxd4 g6 7. Bg2 Bg7 8. O-O O-O 9. e4 a6 10. h3 Re8 11. Re1 Rb8 12. a4 Nc5 13. Kh2 Nfd7 14. Be3 Ne5 15. Bf1 Nc6 16. Nde2 Nxe4 17. Nxe4 Rxe4 18. Nc3 Re8 19. Bg2 Be6 20. c5 dxc5 21. Bxc5 Nd4 22. Re4 Nb3 23. Rxe6 Qxd1 24. Rxe8+ Rxe8 25. Rxd1 Nxc5 26. a5 c6 27. Kg1 Nb3 28. Rd7 Nxa5 29. Ne4 Bxb2 30. Nd6 Re1+ 31. Kh2 Re2 32. Nxf7 Rxf2 33. Nd8 b5 34. Kg1 Rf6 35. Ra7 Bd4+ 0-1


[Site "https://www.chess.com"]

[Event "Titled Tuesday Blitz February 14 Late 2023"]
[White "Bluebaum, Matthias"]
[Black "Bernadskiy, Vitaliy"]
[WhiteFideId "24651516"]
[BlackFideId "14100371"]
[WhiteElo "2669"]
[BlackElo "2592"]
[Result "1-0"]
[Round "05"]
[TimeControl "180+2"]
[Date "2023.02.14"]
[WhiteClock "0:00:54"]
[BlackClock "0:00:01"]

1. d4 d6 2. Nf3 g6 3. c4 Bg7 4. Nc3 Nf6 5. e4 O-O 6. Be2 e5 7. Be3 exd4 8. Nxd4 Re8 9. f3 Nc6 10. Qd2 Nh5 11. Nc2 a5 12. O-O Be6 13. Rad1 a4 14. Qc1 Ra5 15. c5 Nf6 16. cxd6 cxd6 17. Na3 d5 18. Nc4 d4 19. Nxa5 Qxa5 20. Rxd4 Nxd4 21. Bxd4 Rd8 22. Nb5 Bd7 23. Qc3 Qxc3 24. Bxc3 Be6 25. Rd1 Rxd1+ 26. Bxd1 Bxa2 27. Bxa4 Nh5 28. Nd6 Bxc3 29. bxc3 Nf4 30. Kf2 Nd3+ 31. Ke3 Nc5 32. Bc2 Be6 33. Kd4 b6 34. Nc4 Nd7 35. Ba4 Nc5 36. Nxb6 Nxa4 37. Nxa4 Kf8 38. Nc5 Bc8 39. e5 Ke7 40. Ne4 Ba6 41. Nf6 h5 42. h4 Ke6 43. g4 Be2 44. Ke3 Bd1 45. Kf4 1-0


[Site "https://www.chess.com"]

[Event "Titled Tuesday Blitz February 14 Late 2023"]
[White "Hakobyan, Aram"]
[Black "Avinash, Ramesh"]
[WhiteFideId "13306677"]
[BlackFideId "45018340"]
[WhiteElo "2608"]
[BlackElo "2319"]
[Result "1-0"]
[Round "05"]
[TimeControl "180+2"]
[Date "2023.02.14"]
[WhiteClock "0:00:05"]
[BlackClock "0:00:15"]

1. e4 e6 2. d4 d5 3. Nc3 Nf6 4. e5 Nfd7 5. f4 c5 6. Nf3 Nc6 7. Be3 a6 8. Ne2 b5 9. Qd2 a5 10. Ng3 b4 11. Bb5 Qb6 12. Bxc6 Qxc6 13. O-O Ba6 14. Rf2 g6 15. Rd1 h5 16. dxc5 Bxc5 17. Bxc5 Nxc5 18. Nd4 Qb6 19. h4 Nd3 20. cxd3 Qxd4 21. Nf1 Kd7 22. Qe3 Qxe3 23. Nxe3 Rhc8 24. d4 a4 25. Rc2 b3 26. Rxc8 Rxc8 27. a3 Be2 28. Re1 Bd3 29. Kf2 Be4 30. g3 Rc7 31. Ke2 Rc8 32. Kd2 Rc6 33. Rc1 Rxc1 34. Kxc1 Kc6 35. Kd2 Kb5 36. g4 Ka5 37. Kc3 Bf3 38. gxh5 gxh5 39. f5 Be2 40. fxe6 fxe6 41. Ng2 Kb5 42. Nf4 Bg4 43. Nd3 Bd1 44. Nc5 Bg4 45. Kd3 Bf5+ 46. Kc3 Bg4 47. Nd7 Ka5 48. Nf6 Bf3 49. Nh7 Kb5 50. Ng5 Bg4 51. Nf7 Ka5 52. Nd6 Bf3 53. Kd2 Ka6 54. Ke3 Bd1 55. Kf4 Ka5 56. Kg5 Kb6 57. Kf6 Bg4 58. Ke7 Bh3 59. Kd7 Bg4 60. Kc8 Bd1 61. Kd8 Bg4 62. Ke7 Kc6 63. Kf6 Kb6 64. Kg5 Kc6 65. Kf4 Kb6 66. Ke3 Kc6 67. Kd3 Kb6 68. Kc3 Ka5 69. Nb7+ Kb5 70. Nc5 Bf5 71. Nb7 Bg4 72. Nd6+ Ka5 73. Nf7 Bf5 74. Ng5 Bg4 75. Nh7 Bf5 76. Nf6 Bg4 77. Nxg4 hxg4 78. Kd3 Kb5 79. h5 g3 80. Ke3 g2 81. Kf2 Kc4 82. h6 Kd3 83. h7 Kc2 84. h8=Q Kxb2 85. Qf8 Ka2 86. Kxg2 b2 87. Qf2 Kxa3 88. Qc2 Ka2 89. Qxa4+ Kb1 90. Qa6 Kc2 91. Qxe6 b1=Q 92. Qf5+ Kb2 93. Qxb1+ Kxb1 94. e6 1-0


[Site "https://www.chess.com"]

[Event "Titled Tuesday Blitz February 14 Late 2023"]
[White "Gutenev, Alexander"]
[Black "Terry, Renato"]
[WhiteFideId "4195540"]
[BlackFideId "3803457"]
[WhiteElo "2455"]
[BlackElo "2520"]
[Result "0-1"]
[Round "05"]
[TimeControl "180+2"]
[Date "2023.02.14"]
[WhiteClock "0:00:23"]
[BlackClock "0:00:51"]

1. e4 e6 2. d4 d5 3. Nc3 Nf6 4. e5 Nfd7 5. f4 c5 6. Nf3 Nc6 7. Be3 Be7 8. Qd2 O-O 9. Be2 b6 10. O-O f5 11. Nd1 cxd4 12. Nxd4 Nxd4 13. Bxd4 Nc5 14. Nf2 Bb7 15. c3 Kh8 16. Rad1 g5 17. fxg5 Bxg5 18. Qe1 Rg8 19. Kh1 Bh6 20. c4 Qh4 21. Bf3 dxc4 22. Bxb7 Nxb7 23. Qe2 Rg7 24. Qxc4 Nc5 25. b4 Rag8 26. Rg1 Be3 27. g3 Bxf2 28. gxh4 Rxg1+ 29. Rxg1 Rxg1# 0-1


[Site "https://www.chess.com"]